 Dungeon Crawl Stone Soup version 0.31.0 (webtiles) character file.

Game seed: 4396284046701912069

8682 NamelessAdventurer the Slasher (level 11, -1/92 (96) HPs)
             Began as a White Draconian Brigand on Jan 19, 2024.
             Was an Elder of Nemelex Xobeh.
             Slain by a yak (6 damage)
             ... on level 1 of the Lair of Beasts.
             The game lasted 00:43:59 (9890 turns).

NamelessAdventurer the Slasher (DrBr)               Turns: 9890, Time: 00:43:59

HP:   -1/92 (96)    AC: 15    Str: 16    XL:     11   Next: 13%
MP:   16/16         EV: 18    Int: 13    God:    Nemelex Xobeh [****..]
Gold: 713           SH:  0    Dex: 13    Spells: 6/17 levels left

rFire   . . .        n - +3 halberd
rCold   + . .        (shield currently unavailable)
rNeg    . . .        (body armour unavailable)
rPois   .            (helmet restricted)
rElec   .            b - +0 cloak
rCorr   .            (no gloves)
SInv    .            H - +2 pair of boots {Stlth+}
Will    +....        (no amulet)
Stlth   ++++         g - +4 ring of protection
HPRegen 0.35/turn    u - +5 ring of evasion
MPRegen 0.15/turn

%: no passive effects
@: lethally poisoned (-1 -> -15), lightly drained
A: breathe frost, AC +7, unfitting armour, cold resistance 1, cold-blooded,
strong-willed 1, robust 1
a: Breathe Frost, Renounce Religion, Draw Escape, Draw Destruction, Draw
Summoning, Triple Draw, Deal Four


You were on level 1 of the Lair of Beasts.
You worshipped Nemelex Xobeh.
Nemelex Xobeh was greatly pleased with you.
You visited 3 branches of the dungeon, and saw 12 of its levels.
You also visited: Sewer and Bailey.

You collected 713 gold pieces.

Inventory:

Hand Weapons
 n - a +3 halberd (weapon)
 s - a +4 scimitar of protection
Missiles
 c - 15 poisoned darts (quivered)
 d - 4 curare-tipped darts
 F - 5 boomerangs
Armour
 b - a +0 cloak (worn)
 H - a +2 pair of boots of stealth (worn)
Jewellery
 g - a +4 ring of protection (left hand)
 k - a ring of protection from cold
 m - a ring of ice
 u - a +5 ring of evasion (right hand)
Talismans
 p - a maw talisman
Wands
 y - a wand of polymorph (19)
 B - a wand of digging (4)
 G - a wand of flame (8)
 I - a wand of acid (1)
Scrolls
 a - 3 scrolls of vulnerability
 l - 3 scrolls of amnesia
 r - 2 scrolls of fog
 D - 3 scrolls of teleportation
 E - 2 scrolls of poison
 J - a scroll of enchant weapon
Potions
 e - 2 potions of enlightenment
 f - a potion of attraction
 h - 2 potions of brilliance
 o - 2 potions of magic
 t - 2 potions of cancellation
 v - a potion of invisibility
 w - a potion of heal wounds
 x - 5 potions of mutation
 z - a potion of might
 A - a potion of lignification
 C - a potion of degeneration
Miscellaneous
 i - a phantom mirror
 q - a sack of spiders (inert)


   Skills:
 * Level 5.5 Fighting
 * Level 6.0(7.6) Short Blades
 * Level 7.0(8.1) Long Blades
 * Level 1.4 Polearms
 * Level 4.7 Throwing
 * Level 4.9 Dodging
 * Level 6.5 Stealth
 * Level 3.8 Spellcasting
 * Level 3.5 Hexes
 * Level 3.0 Summonings
 * Level 4.6 Ice Magic
 * Level 4.3 Invocations
 * Level 3.3 Evocations
 * Level 3.3 Shapeshifting


You had 6 spell levels left.
You knew the following spells:

 Your Spells              Type           Power      Damage    Failure   Level
a - Jinxbite              Hex            22%        N/A       8%          2
b - Ensorcelled Hibernat  Hex/Ice        26%        N/A       6%          2
c - Summon Small Mammal   Summ           40%        N/A       6%          1
d - Tukima's Dance        Hex            11%        N/A       14%         3
e - Call Canine Familiar  Summ           10%        N/A       19%         3

Your spell library contained the following spells:

 Spells                   Type           Power      Damage    Failure   Level
 Apportation              Tloc           4%         N/A       22%         1
 Necrotise                Necr           8%         1d4       22%         1
 Sandblast                Erth           4%         2d4       22%         1
 Sting                    Conj/Alch      8%         1d3       22%         1
 Passwall                 Erth           2%         N/A       54%         3
 Stone Arrow              Conj/Erth      4%         3d7       54%         3
 Swiftness                Air            2%         N/A       54%         3
 Dimensional Bullseye     Hex/Tloc       3%         N/A       69%         4
 Summon Blazeheart Golem  Fire/Summ      6%         N/A       75%         4
 Brom's Barrelling Bould  Conj/Erth      2%         2d3       91%         4
 Iskenderun's Mystic Bla  Conj/Tloc      2%         2d3       91%         4
 Passage of Golubria      Tloc           2%         N/A       91%         4
 Yara's Violent Unravell  Hex/Alch       3%         3d4       95%         5
 Alistair's Intoxication  Alch           1%         N/A       99%         5


Dungeon Overview and Level Annotations

Branches:
Dungeon (10/15)            Temple (1/1) D:4            Lair (1/5) D:10
  Sewer (visited)          Bailey (visited)
    Orc: D:9-12

Altars:
Ashenzari
Cheibriados
Dithmenos
Elyvilon
Fedhas
Gozag
Hepliaklqana
Kikubaaqudgha
Makhleb
Nemelex Xobeh
Okawaru
Qazlal
Ru
Sif Muna
Trog
Uskayaw
Vehumet
Wu Jian
Xom
Yredelemnul
Zin
The Shining One

Shops:
D:2 [

Annotations:
Lair:1 Jeremiah


Innate Abilities, Weirdness & Mutations

You can breathe waves of freezing cold which knock back foes.
Your icy white scales are hard. (AC +7)
You cannot fit into any form of body armour.
Your flesh is cold resistant. (rC+)
You are cold-blooded and may be slowed by cold attacks.
You are strong-willed. (Will+)
You are robust. (+10% HP)


Message History

The bolt of acid hits the butterfly!
The acid corrodes the butterfly!
You kill the butterfly!
The butterfly disappears in a burst of colours!
The bolt of acid misses Jeremiah.
You hear the crackling of a melting archway nearby.
The yak gores you but does no damage.
Jeremiah throws their arms up pleadingly.
Something smites you!
* * * LOW HITPOINT WARNING * * *
You draw a card...
You have drawn the Tomb.
Walls emerge from the floor!
The butterfly disappears in a burst of colours! x3
The yak gores you.
* * * LOW HITPOINT WARNING * * *
The yak misses you. Jeremiah misses you.
Unknown command.
You draw a card...
You have drawn Velocity.
The yak seems to slow down.
The butterfly seems to slow down. x3; The yak seems to slow down.
The butterfly seems to slow down.
The butterfly disappears in a burst of colours!
The yak closely misses you. Jeremiah misses you. The yak completely misses you.
Unknown command.
You feel better.
The butterfly disappears in a burst of colours!
Jeremiah hits you from afar with a +2 trident of draining.
* * * LOW HITPOINT WARNING * * *
You feel drained.
* * * LOW HITPOINT WARNING * * *
The yak gores you!
* * * LOW HITPOINT WARNING * * *
Aiming: Breathe Frost (3% risk of failure)
Press: ? - help, Shift-Dir - straight line, f/p - Jeremiah
Aim: Jeremiah, wielding a +2 trident of draining, wearing a +0 robe and wearing an orb of guile (severely wounded, covered in acid, 60% to hit)
You fail to use your ability.
The water moccasin bites you!
* * * LOW HITPOINT WARNING * * *
You are lethally poisoned!
The water moccasin poisons you! The yak gores you.
* * * LOW HITPOINT WARNING * * *
The yak gores you.
You die...
Your body glows with a rainbow of weird colours and disappears.

..## #..##
...### #
#....#.##
#...^.... ####
#....# .....
#..##
......#Y#.#
......Y@###
.....h.S##
....YbbF.
...bbb.b##
..b.bbb..
....bb... #..
......b.. ..
...b.....# #.
...S..........
.


You could see a polar bear, Jeremiah (corroded), 3 yaks and a water moccasin.

Vanquished Creatures
  2 two-headed ogres
  An orc knight (Bailey)
  A hornet (D:9)
  7 yaks (D:10)
  The ghost of jagang the Trooper, an amateur HuMo (D:4)
  A steam dragon (D:7)
  A swamp worm (Lair:1)
  An acid dragon (D:10)
  A water moccasin (D:5)
  A black bear (D:4)
  An ice beast (D:6)
  7 orc warriors
  Pargi (Sewer)
  3 ogres
  2 wolves (D:10)
  A centaur (D:7)
  3 phantoms
  A brain worm (Sewer)
  A kobold brigand (D:9)
  A bullfrog (D:7)
  A gnoll sergeant (D:8)
  5 wights (D:9)
  3 killer bees (D:9)
  5 howler monkeys
  2 jellies
  5 bombardier beetles
  3 hounds
  3 orc priests
  4 iguanas
  10 orc wizards
  2 hell rats (Lair:1)
  6 adders
  9 gnolls
  A shadow imp (D:6)
  A white imp (D:5)
  8 dart slugs
  46 orcs
  6 endoplasms
  4 giant cockroaches
  15 goblins
  4 hobgoblins
  6 jackals
  10 kobolds
  5 quokkas
  10 ball pythons
  2 bats (D:1)
  5 frilled lizards
  6 rats
225 creatures vanquished.

Vanquished Creatures (collateral kills)
  A deep elf pyromancer (Bailey)
  A merfolk (D:8)
  A steam dragon (D:8)
  5 orc warriors
  A centaur (D:9)
  A kobold brigand (D:7)
  A water moccasin zombie (D:4)
  A jelly (D:7)
  5 orc wizards
  A howler monkey zombie (D:4)
  A howler monkey skeleton (D:4)
  10 orcs
  3 kobolds
32 creatures vanquished.

Vanquished Creatures (others)
  A dancing weapon (D:9)
1 creature vanquished.

Grand Total: 258 creatures vanquished

Notes
Turn   | Place    | Note
-------+----------+-------------------------------------------
     0 | D:1      | NamelessAdventurer the Draconian Brigand began the quest
                  | for the Orb.
     0 | D:1      | Reached XP level 1. HP: 17/17 MP: 1/1
   131 | D:1      | Reached skill level 1 in Dodging
   135 | D:1      | Reached XP level 2. HP: 13/24 MP: 2/2
   391 | D:2      | Found Xoehyugh's Armour Boutique.
   408 | D:2      | Reached XP level 3. HP: 27/30 MP: 3/3
   669 | D:3      | Reached XP level 4. HP: 37/37 MP: 5/5
   875 | D:4      | Reached skill level 1 in Spellcasting
   875 | D:4      | Reached XP level 5. HP: 42/42 MP: 6/6
   881 | D:4      | Noticed a black bear
   915 | D:4      | Killed a black bear
   916 | D:4      | Reached XP level 6. HP: 28/51 MP: 6/8
  1008 | D:4      | Learned a level 2 spell: Jinxbite
  1227 | D:4      | Found a staircase to the Ecumenical Temple.
  1236 | Temple   | Entered the Ecumenical Temple
  1259 | Temple   | Became a worshipper of Nemelex Xobeh the Trickster
  1405 | D:4      | Found a runed translucent gate.
  1405 | D:4      | Found a runed translucent gate.
  1408 | D:4      | Found a runed translucent gate.
  1411 | D:4      | Noticed jagang's ghost (amateur HuMo)
  2266 | D:3      | Learned a level 2 spell: Ensorcelled Hibernation
  2660 | D:2      | Found a faded altar of an unknown god.
  3039 | D:1      | Your scales start taking on an icy white colour.
  3039 | D:1      | Reached XP level 7. HP: 57/57 MP: 9/9
  3039 | D:1      | Gained mutation: Your flesh is cold resistant. (rC+) [White
                  | Draconian growth]
  3068 | D:1      | Reached * piety under Nemelex Xobeh
  3226 | D:1      | Received a gift from Nemelex Xobeh
  3716 | D:4      | Reached skill level 5 in Stealth
  3716 | D:4      | Reached skill level 1 in Hexes
  3727 | D:4      | Killed jagang's ghost
  3895 | D:5      | Entered Level 5 of the Dungeon
  3919 | D:5      | Reached skill level 1 in Ice Magic
  3952 | D:5      | Gained mutation: You are robust. (+10% HP) [potion of
                  | mutation]
  3952 | D:5      | Gained mutation: You are strong-willed. (Will+) [potion of
                  | mutation]
  3974 | D:5      | Reached skill level 1 in Long Blades
  3974 | D:5      | Reached skill level 1 in Invocations
  3974 | D:5      | Reached skill level 1 in Shapeshifting
  4024 | D:5      | Reached XP level 8. HP: 25/70 MP: 11/11
  4028 | D:5      | Found a glowing drain.
  4038 | Sewer    | Entered a sewer
  4247 | Sewer    | Noticed Pargi
  4267 | Sewer    | Killed Pargi
  4268 | Sewer    | Reached skill level 2 in Long Blades
  4985 | D:6      | Reached skill level 3 in Long Blades
  5085 | D:6      | Learned a level 1 spell: Summon Small Mammal
  5262 | D:6      | Reached ** piety under Nemelex Xobeh
  5486 | D:6      | Received a gift from Nemelex Xobeh
  5715 | D:7      | Reached skill level 5 in Short Blades
  5747 | D:7      | Reached skill level 1 in Evocations
  5747 | D:7      | Reached XP level 9. HP: 78/78 MP: 12/12
  5974 | D:7      | Reached skill level 4 in Long Blades
  5974 | D:7      | Reached skill level 1 in Summonings
  6118 | D:7      | Learned a level 3 spell: Tukima's Dance
  6164 | D:7      | Received a gift from Nemelex Xobeh
  6494 | D:7      | Upgraded the game from 0.31-b1-22-gc680215f68 to 0.31.0
  6755 | D:8      | Noticed a two-headed ogre
  6785 | D:8      | Killed a two-headed ogre
  6786 | D:8      | Reached skill level 5 in Long Blades
  7206 | D:8      | Noticed a seven-headed hydra
  7214 | D:8      | Identified the -2 hand axe "Mud Pie of Death" {heavy,
                  | Will+}
  7227 | D:8      | a seven-headed hydra changed into a merfolk
  7227 | D:8      | Noticed a merfolk
  7233 | D:8      | Killed a merfolk
  7234 | D:8      | Reached XP level 10. HP: 38/88 MP: 14/14
  7267 | D:8      | Learned a level 3 spell: Call Canine Familiar
  7581 | D:9      | Reached *** piety under Nemelex Xobeh
  7636 | D:9      | Received a gift from Nemelex Xobeh
  7757 | D:9      | Reached skill level 5 in Fighting
  8174 | D:9      | Noticed a two-headed ogre
  8198 | D:9      | Killed a two-headed ogre
  8199 | D:9      | Reached skill level 6 in Long Blades
  8234 | D:9      | Found a radiant altar of Vehumet.
  8492 | D:10     | Entered Level 10 of the Dungeon
  8493 | D:10     | Received a gift from Nemelex Xobeh
  8592 | D:10     | Found a flagged portal.
  8605 | Bailey   | Entered a bailey
  8834 | Bailey   | Noticed an orc knight
  8838 | Bailey   | Killed an orc knight
  8852 | Bailey   | Found a large runed translucent door.
  8852 | Bailey   | Found a large runed translucent door.
  8853 | Bailey   | Noticed a deep elf pyromancer
  8895 | Bailey   | Killed a deep elf pyromancer
  8923 | Bailey   | Identified the +1 helmet of the Trilobite {^Contam rN+
                  | Str+6}
  9034 | D:10     | Found a staircase to the Lair.
  9052 | D:10     | Reached XP level 11. HP: 88/96 MP: 16/16
  9053 | D:10     | Reached skill level 7 in Long Blades
  9264 | D:10     | Reached skill level 1 in Polearms
  9692 | Lair:1   | Entered Level 1 of the Lair of Beasts
  9693 | Lair:1   | Reached **** piety under Nemelex Xobeh
  9776 | Lair:1   | Received a gift from Nemelex Xobeh
  9791 | Lair:1   | Identified the +1 robe "Qaefivuti" {rC+}
  9798 | Lair:1   | Noticed a boulder beetle
  9805 | Lair:1   | a boulder beetle changed into a swamp worm
  9875 | Lair:1   | Noticed Jeremiah
  9890 | Lair:1   | Slain by a yak

Illustrated notes

Levels and vault maps discovered:
D:1:      dpeg_arrival_round_b, layout_basic
D:2:      layout_loops_ring, serial_shops, shop,
          shapermc_ecumenical_altar_pompeii, serial_bayou_pond_d
D:3:      kennysheep_slugbush, layout_basic
D:4:      layout_basic, minmay_temple_entry_antechambers,
          gammafunk_ghost_necromancy
D:5:      layout_rooms, cheibrodos_sewer_entry_drain
D:6:      layout_loops_ring
D:7:      layout_loops_ring
D:8:      layout_cave_pools
D:9:      layout_roguey, marbit_many_paths
D:10:     layout_loops_ring, erik_lair_orcish_takeover, enter_bailey_5
Temple:   mainiacjoe_temple_circle_huts
Lair:1:   layout_cave_pods, portal_ice_cave_entry_pillars_1, uniq_jeremiah

Skill      XL: |  1  2  3  4  5  6  7  8  9 10 11 |
---------------+----------------------------------+-----
Dodging        | 1 2 3 4 |  4.9
Stealth        | 4 5 6 |  6.5
Throwing       | 2 3 4 |  4.7
Short Blades   | 3 4 5 6 |  6.0
Spellcasting   | 1 2 3 |  3.8
Fighting       | 3 4 5 |  5.5
Hexes          | 1 2 3 |  3.5
Ice Magic      | 1 2 3 4 |  4.6
Long Blades    | 1 3 5 6 7 |  7.0
Invocations    | 1 2 3 4 |  4.3
Shapeshifting  | 1 2 3 |  3.3
Evocations     | 1 2 3 |  3.3
Summonings     | 2 3 |  3.0
Polearms       | 1 |  1.4

Action                     |  1- 3 |  4- 6 |  7- 9 | 10-12 || total
---------------------------+-------+-------+-------+-------++-------
  Melee: Dagger            |    50 |   150 |       |       ||   200
         Tailslap          |     7 |    20 |    23 |    27 ||    77
         Punch             |     1 |     3 |     3 |     1 ||     8
         Scimitar          |       |     3 |   195 |   109 ||   307
         Halberd           |       |       |       |    70 ||    70
  Throw: Dart              |    13 |    32 |    42 |    10 ||    97
   Cast: Jinxbite          |       |     5 |     2 |       ||     7
         Tukima's Dance    |       |       |       |     3 ||     3
         Call Canine Famil |       |       |       |     2 ||     2
 Invoke: Draw Destruction  |       |       |    12 |     9 ||    21
         Draw Summoning    |       |       |     6 |     2 ||     8
         Draw Escape       |       |       |     2 |     4 ||     6
Ability: Breathe Frost     |       |       |    34 |    22 ||    56
  Evoke: Wand              |       |       |     3 |     4 ||     7
         Sack of spiders   |       |       |       |     1 ||     1
    Use: Scroll            |     3 |    11 |     8 |     7 ||    29
         Potion            |       |       |     6 |     5 ||    11
   Stab: Sleeping          |     3 |     7 |     3 |     3 ||    16
 Armour: Skin              |    34 |    81 |   160 |   133 ||   408
  Dodge: Dodged            |    13 |    98 |   242 |   279 ||   632
